 Dungeon Crawl Stone Soup version 0.30.1-9-gdf580d7c3d (webtiles) character file.

Game seed: 6688366243441852377

1356 leafyfresh the Covert (level 8, -2/67 HPs)
             Began as a Gnoll Delver on Oct 21, 2023.
             Killed from afar by an electric eel (9 damage)
             ... with a bolt of electricity
             ... on level 6 of the Dungeon.
             The game lasted 00:07:05 (2576 turns).

leafyfresh the Covert (Gnoll Delver)                Turns: 2576, Time: 00:07:05

Health: -2/67      AC:  6    Str: 12    XL:     8   Next: 64%
Magic:  13/13      EV: 14    Int: 11    God:
Gold:   99         SH:  0    Dex: 14    Spells: 14/14 levels left

rFire   . . .        d - +2 short sword (venom)
rCold   . . .        (no shield)
rNeg    . . .        e - +0 troll leather armour {Pargi}
rPois   .            (no helmet)
rElec   .            o - +1 cloak {rCorr}
rCorr   +            (no gloves)
SInv    .            (no boots)
Will    .....        (no amulet)
Stlth   ++++         (no ring)
HPRegen 1.11/turn    (no ring)
MPRegen 0.13/turn

%: no passive effects
@: no status effects
A: fangs 1, strong nose, distributed training
a: no special abilities


You were on level 6 of the Dungeon.
You visited 2 branches of the dungeon, and saw 3 of its levels.
You also visited: Sewer.

You collected 99 gold pieces.

Inventory:

Hand Weapons
 a - a +0 short sword
 d - a +2 short sword of venom (weapon)
 n - a +4 quarterstaff of chaos
Armour
 b - a +0 leather armour
 e - a +0 troll leather armour (worn) {Pargi}
 k - a +0 buckler
 o - a +1 cloak of preservation (worn)
Jewellery
 l - a ring of ice
Wands
 g - a wand of digging (4)
Scrolls
 c - a scroll of fog
 h - 3 scrolls of noise {unknown}
 j - a scroll of enchant weapon {unknown}
 p - a scroll of vulnerability {unknown}
Potions
 f - 2 potions of haste
 i - a potion of flight {unknown}
 m - a potion of brilliance {unknown}
 q - a potion of attraction {unknown}


   Skills:
 + Level 7.5 Fighting
 + Level 5.9 Short Blades
 + Level 3.6 Long Blades
 + Level 3.6 Axes
 + Level 3.6 Maces & Flails
 + Level 3.6 Polearms
 + Level 3.6 Staves
 + Level 3.6 Ranged Weapons
 + Level 3.6 Throwing
 + Level 3.6 Armour
 + Level 5.9 Dodging
 + Level 10.2 Stealth
 + Level 3.6 Shields
 + Level 3.6 Unarmed Combat
 + Level 3.6 Spellcasting
 + Level 2.9 Conjurations
 + Level 2.9 Hexes
 + Level 2.9 Summonings
 + Level 2.9 Necromancy
 + Level 2.9 Translocations
 + Level 2.9 Transmutations
 + Level 2.9 Fire Magic
 + Level 2.9 Ice Magic
 + Level 2.9 Air Magic
 + Level 2.9 Earth Magic
 + Level 2.9 Poison Magic
 + Level 4.0 Invocations
 + Level 3.6 Evocations


You had 14 spell levels left.
You didn't know any spells.
Your spell library contained the following spells:

 Spells                   Type           Power      Damage    Failure   Level
 Necrotise                Necr           32%        1d5       10%         1
 Vampiric Draining        Necr           8%         2d6       28%         3
 Agony                    Necr           8%         N/A       95%         5


Dungeon Overview and Level Annotations

Branches:
Dungeon (6/15)             Temple (1/1) D:6           Sewer (visited)

Altars:
Dithmenos
Elyvilon
Fedhas
Makhleb
Nemelex Xobeh
Qazlal
Ru
Sif Muna
Trog
Xom
Yredelemnul
Zin
The Shining One


Innate Abilities, Weirdness & Mutations

You have very sharp teeth.
Your uncanny sense of smell can sniff out nearby items.
Your experience applies equally to all skills.


Message History

An electric eel is nearby!
An electric eel is nearby!
An electric eel comes into view.
The electric eel shoots out a bolt of lightning at you!
The bolt of electricity hits the plant!
The bolt of electricity hits you!
You enter the shallow water.
Moving in this stuff is going to be slow.
There are monsters nearby!
Unknown command.
Unknown command.
A nearby plant withers and dies.
The electric eel shoots out a bolt of lightning at you!
The bolt of electricity misses you.
The bolt of electricity hits the plant.
The plant begins to die.
The bolt of electricity hits the plant!
A nearby plant withers and dies.
The electric eel shoots out a bolt of lightning at you!
The bolt of electricity hits you!
The electric eel shoots out a bolt of lightning at you!
The bolt of electricity hits you!
You miss the electric eel. You barely miss the electric eel.
The electric eel shoots out a bolt of lightning at you!
The bolt of electricity hits you.
You barely miss the electric eel.
The electric eel shoots out a bolt of lightning at you!
The bolt of electricity hits you!
* * * LOW HITPOINT WARNING * * *
You miss the electric eel. You bite the electric eel.
The electric eel is lightly wounded.
The electric eel shoots out a bolt of lightning at you!
The bolt of electricity hits you!
* * * LOW HITPOINT WARNING * * *
You hit the electric eel.
The electric eel is poisoned.
Your bite misses the electric eel.
The electric eel is lightly wounded.
You hit the electric eel.
The electric eel is moderately wounded.
The electric eel shoots out a bolt of lightning at you!
The bolt of electricity hits you!
You die...

♣~..........##.......
♣..#....##.####......
♣..#...##### #....... P
♣~...../.# ##......
~~♣♣♣♣#..♣♣P♣♣# ##.....
~~~~~~~♣~~~~~~♣ #.....
~~PP~~~~~P~~~~~~ #......
P~~~~~~~~~P~~~P~♣.......
.......@.........
~~~~~~~S~P~~~P~~~
~♣~~≈P♣♣♣♣~~~~~~ ♣♣♣♣P
~PP~~S ~# ~♣~♣♣# .# ##
#. .


You could see an electric eel (very poisoned).

Vanquished Creatures
  Grinder (D:6)
  Eustachio (D:6)
  2 water moccasins
  Pargi (Sewer)
  An ice beast (D:6)
  A sky beast (D:6)
  2 ogres
  A phantom (D:5)
  A scorpion (D:5)
  A howler monkey (D:5)
  An electric eel (D:6)
  A jelly (D:5)
  Crazy Yiuf (D:5)
  An iguana (D:5)
  An orc wizard (D:5)
  3 river rats (D:5)
  2 adders
  A white imp (D:6)
  An ufetubus (D:5)
  A worm (D:5)
  4 orcs
  6 bats (Sewer)
  2 rats (D:5)
37 creatures vanquished.

Notes
Turn   | Place    | Note
-------+----------+-------------------------------------------
     0 | D:5      | Reached skill level 9 in Stealth
     0 | D:5      | leafyfresh the Gnoll Delver began the quest for the Orb.
     0 | D:5      | Reached XP level 1. HP: 23/23 MP: 1/1
    89 | D:5      | Noticed an orc wizard
    91 | D:5      | Noticed a phantom
   151 | D:5      | Noticed an iguana
   153 | D:5      | Killed an iguana
   154 | D:5      | Reached XP level 2. HP: 29/29 MP: 2/2
   154 | D:5      | Reached XP level 3. HP: 35/35 MP: 3/3
   182 | D:5      | Noticed a water moccasin
   184 | D:5      | Killed a water moccasin
   185 | D:5      | Reached skill level 1 in Long Blades
   185 | D:5      | Reached skill level 1 in Axes
   185 | D:5      | Reached skill level 1 in Maces & Flails
   185 | D:5      | Reached skill level 1 in Polearms
   185 | D:5      | Reached skill level 1 in Staves
   185 | D:5      | Reached skill level 1 in Ranged Weapons
   185 | D:5      | Reached skill level 1 in Throwing
   185 | D:5      | Reached skill level 1 in Armour
   185 | D:5      | Reached skill level 1 in Shields
   185 | D:5      | Reached skill level 1 in Unarmed Combat
   185 | D:5      | Reached skill level 1 in Spellcasting
   185 | D:5      | Reached skill level 1 in Conjurations
   185 | D:5      | Reached skill level 1 in Hexes
   185 | D:5      | Reached skill level 1 in Summonings
   185 | D:5      | Reached skill level 1 in Necromancy
   185 | D:5      | Reached skill level 1 in Translocations
   185 | D:5      | Reached skill level 1 in Transmutations
   185 | D:5      | Reached skill level 1 in Fire Magic
   185 | D:5      | Reached skill level 1 in Ice Magic
   185 | D:5      | Reached skill level 1 in Air Magic
   185 | D:5      | Reached skill level 1 in Earth Magic
   185 | D:5      | Reached skill level 1 in Poison Magic
   185 | D:5      | Reached skill level 1 in Invocations
   185 | D:5      | Reached skill level 1 in Evocations
   185 | D:5      | Reached XP level 4. HP: 36/41 MP: 4/6
   185 | D:5      | Reached XP level 5. HP: 42/47 MP: 4/7
   268 | D:5      | HP: 2/47 [poisoned by an adder]
   276 | D:5      | HP: 1/47 [adder (3)]
   284 | D:5      | Found a glowing drain.
   443 | Sewer    | Entered a sewer
   535 | Sewer    | Noticed Pargi
   645 | Sewer    | Killed Pargi
   646 | Sewer    | Reached skill level 5 in Short Blades
   646 | Sewer    | Reached skill level 5 in Dodging
   646 | Sewer    | Reached XP level 6. HP: 36/53 MP: 8/8
   884 | D:5      | Found a glowing golden altar of the Shining One.
   886 | D:5      | Found a basalt altar of Yredelemnul.
   886 | D:5      | Found an opulent altar of Gozag.
   923 | D:5      | Found a bloodstained altar of Trog.
   923 | D:5      | Found a shimmering blue altar of Sif Muna.
   923 | D:5      | Found a shimmering altar of Xom.
  1271 | D:5      | Found a runed translucent door.
  1272 | D:5      | Noticed Crazy Yiuf
  1403 | D:5      | Reached XP level 7. HP: 60/60 MP: 10/10
  1711 | D:5      | Killed Crazy Yiuf
  1795 | D:6      | Found a staircase to the Ecumenical Temple.
  1833 | D:6      | Reached skill level 10 in Stealth
  1836 | Temple   | Entered the Ecumenical Temple
  2118 | D:6      | Noticed Grinder
  2124 | D:6      | Paralysed by Grinder for 3 turns
  2149 | D:6      | Killed Grinder
  2150 | D:6      | Reached XP level 8. HP: 60/67 MP: 12/12
  2157 | D:6      | Noticed Eustachio
  2175 | D:6      | Killed Eustachio
  2576 | D:6      | Killed from afar by an electric eel

Illustrated notes

Levels and vault maps discovered:
D:5:      layout_loops_ring, doesnt_xom_only_xom, lightli_sewer_entry_pipes,
          uniq_crazy_yiuf_cottage
D:6:      layout_cave_pools, minmay_temple_entry_statues_pillars, serial_bayou,
          serial_bayou_ford_a, serial_bayou_crossing, serial_bayou_lagoon_b,
          serial_bayou_shore_a, corexii_item_surrounded_by_moat, uniq_eustachio,
          uniq_sigmund, uniq_grinder
Temple:   nicolae_temple_no_exploring_needed

Skill      XL: |  1  2  3  4  5  6  7  8 |
---------------+-------------------------+-----
Stealth        | 10 | 10.2
Long Blades    | 1 2 3 |  3.6
Axes           | 1 2 3 |  3.6
Maces & Flails | 1 2 3 |  3.6
Polearms       | 1 2 3 |  3.6
Staves         | 1 2 3 |  3.6
Ranged Weapons | 1 2 3 |  3.6
Throwing       | 1 2 3 |  3.6
Armour         | 1 2 3 |  3.6
Shields        | 1 2 3 |  3.6
Unarmed Combat | 1 2 3 |  3.6
Spellcasting   | 1 2 3 |  3.6
Conjurations   | 1 2 |  2.9
Hexes          | 1 2 |  2.9
Summonings     | 1 2 |  2.9
Necromancy     | 1 2 |  2.9
Translocations | 1 2 |  2.9
Transmutations | 1 2 |  2.9
Fire Magic     | 1 2 |  2.9
Ice Magic      | 1 2 |  2.9
Air Magic      | 1 2 |  2.9
Earth Magic    | 1 2 |  2.9
Poison Magic   | 1 2 |  2.9
Invocations    | 1 2 3 4 |  4.0
Evocations     | 1 2 3 |  3.6
Short Blades   | 5 |  5.9
Dodging        | 5 |  5.9
Fighting       | 7 |  7.5

Action                     |  1- 3 |  4- 6 |  7- 9 || total
---------------------------+-------+-------+-------++-------
  Melee: Short sword       |    12 |   150 |    47 ||   209
         Bite              |       |     8 |     8 ||    16
         Punch             |       |     1 |     2 ||     3
         Quarterstaff      |       |       |    54 ||    54
    Use: Scroll            |     1 |     1 |     1 ||     3
         Potion            |       |     2 |       ||     2
   Stab: Sleeping          |     2 |     8 |     2 ||    12
         Confused          |       |       |     2 ||     2
 Armour: Leather armour    |       |    38 |       ||    38
         Troll leather arm |       |     2 |    41 ||    43
  Dodge: Dodged            |     4 |   122 |    78 ||   204
